cohdb
Replays
Latest Replays
All Replays
Popular Replays
Top Player Replays
Match Explorer
How It Works
Community
CoH3 Stats
Reddit
Sign in to upload your games and track your stats! →
Sign in with Steam
Match 47534189
Unlisted
Match 47534189
Overview
Messages
Build Orders
End
Engineer Squad
Selects Airborne Battlegroup
Selects Heavy Machine Gun Paradrop
Heavy Machine Gun Paradrop
Construct Weapon Support Center
Engineer Squad
Heavy Machine Gun Paradrop
Construct Medical Station
Selects Paratrooper Squad Paradrop
Paratrooper Squad Paradrop
Bazooka Squad
Mechanized Support Center
Improved M9 Bazooka Rockets
Selects Anti-tank Gun Team Paradrop
Selects Anti-tank Gun Team Paradrop
Anti-tank Gun Team Paradrop
Bazooka Squad
Construct Tank Depot
Selects Recon Loiter
Selects Supply Drop
Supply Drop
M4A1 Sherman Medium Tank
M4A1 76mm Conversion
Improvised Armor
Supply Drop
Hålken
PMA /CM/
Klement
Anubis
elevate
-=Thrawn=-
0
0
Comments
sign in to comment!
No comments posted yet!